Map: Pylon LE

Players

SKillous - Winner!

  • Race: Protoss Protoss
  • League: Master
  • Spawn Location: 11:00

Lambo

  • Race: Zerg Zerg
  • Spawn Location: 5:00

Event: FEL Cracov 2025

VOD

Have the link to the VOD?

Description

Time

  • Played on: July 27, 2025, 1:59 p.m.
  • Length: 9:49

All games in this series

Show
View Real Time Build Order
Export as new Build Order

SKillous Protoss - Winner!

Build Orders: 1 Gate Expand, Oracle Opening 

Get SALT Encoding   

  12  0:00  Probe  
  13  0:12  Probe  
  14  0:20  Pylon  
  14  0:24  Probe  
  15  0:34  Probe  
  15  0:40  Gateway  
  15  0:42  Probe  
  17  0:50  Assimilator  
  17  0:52  Probe  
  18  1:04  Probe  
  19  1:17  Probe  
  20  1:26  Nexus  
  20  1:36  Cybernetics Core  
  20  1:41  Probe  
  21  1:49  Assimilator  
  21  1:54  Probe  
  22  1:55  Pylon  
  22  2:01  Stalker  
  22  2:06  Probe  
  25  2:18  Probe  
  26  2:25  Stargate  
  26  2:30  Probe  
  26  2:31  Adept  
  26  2:34  Probe  
  29  2:39  Probe  
  29  2:42  Probe  
  31  2:47  Probe  
  33  2:52  Probe  
  33  2:56  Probe  
  34  3:00  Oracle  
  34  3:04  Probe  
  36  3:06  Adept  
  36  3:08  Probe  
  42  3:15  Pylon, Warp Gate  
  42  3:16  Probe  
  43  3:21  Probe  
  44  3:28  Probe  
  45  3:36  Probe  
  45  3:39  Nexus  
  46  3:43  Oracle  
  46  3:47  Pylon  
  49  3:49  Probe  
  49  3:51  Probe  
  51  3:57  Gateway  
  51  4:03  Probe, Twilight Council  
  51  4:06  Probe  
  53  4:12  Blink  
  53  4:15  Probe  
  50  4:18  Probe  
  50  4:19  Gateway  
  50  4:22  Gateway  
  51  4:25  Assimilator  
  51  4:27  Probe  
  51  4:29  Assimilator  
  51  4:30  Probe  
  53  4:39  Probe  
  53  4:42  Probe  
  53  4:44  Gateway  
  55  4:45  Gateway  
  55  4:51  Probe x2  
  57  4:54  Probe  
  58  5:01  Shield Battery  
  58  5:03  Probe x2  
  58  5:05  Stalker x2  
  58  5:06  Probe  
  65  5:15  Probe  
  65  5:16  Probe  
  65  5:18  Probe  
  65  5:20  Pylon  
  68  5:22  Stalker x2  
  68  5:27  Probe  
  68  5:28  Probe  
  74  5:29  Stalker  
  74  5:30  Probe  
  74  5:32  Pylon  
  77  5:39  Forge, Pylon x2, Probe  
  78  5:43  Stalker  
  78  5:44  Probe  
  78  5:45  Probe  
  78  5:48  Stalker  
  83  5:52  Stalker x2  
  86  6:00  Stalker x2  
  86  6:03  Probe x2  
  90  6:05  Protoss Ground Weapons Level 1, Probe  
  91  6:12  Adept  
  91  6:13  Stalker  
  91  6:15  Charge, Probe  
  96  6:19  Assimilator x2  
  96  6:20  Probe  
  96  6:23  Pylon  
  96  6:24  Probe  
  96  6:25  Stalker  
  100  6:26  Stalker  
  100  6:32  Stalker x2  
  106  6:38  Pylon  
  105  6:40  Stalker x2  
  109  6:47  Pylon  
  109  6:49  Templar Archives  
  100  7:03  Stalker  
  100  7:04  Stalker x5  
  100  7:06  Probe x3  
  115  7:08  Pylon  
  115  7:20  Gateway  
  115  7:24  Pylon  
  115  7:27  Gateway  
  115  7:40  Zealot x6  
  115  7:43  Gateway  
  115  7:46  Robotics Facility  
  115  7:47  Gateway  
  115  7:48  Pylon  
  107  8:05  Psionic Storm  
  107  8:07  High Templar x3  
  107  8:08  High Templar, Zealot x2  
  119  8:23  Stalker x2  
  119  8:25  Warp Prism  
  123  8:27  Nexus, Pylon  
  123  8:37  Zealot x2  
  123  8:39  Zealot x2  
  123  8:40  Zealot x3  
  139  8:42  Zealot  
  139  8:44  Pylon  
  141  8:49  Pylon  
  141  8:50  Photon Cannon  
  141  8:51  Pylon  
  141  8:56  Zealot x2  
  141  8:57  Zealot x2  
  146  9:04  Probe x2  
  146  9:05  Probe  
  146  9:09  High Templar x6  
  161  9:14  Archon x3  
  161  9:16  Probe  
  148  9:28  Zealot x4  
  154  9:36  Archon  
  140  9:41  Zealot x6  
Show
View Real Time Build Order
Export as new Build Order

Lambo Zerg 

Build Orders: Hatch First 

Get SALT Encoding   

  12  0:00  Drone  
  13  0:08  Drone  
  14  0:14  Extractor, Drone  
  15  0:21  Overlord  
  15  0:39  Drone  
  16  0:44  Hatchery  
  16  0:48  Drone  
  16  0:52  Drone  
  16  0:55  Drone  
  18  1:05  Extractor  
  18  1:11  Spawning Pool  
  16  1:15  Drone  
  17  1:20  Drone  
  18  1:27  Drone  
  19  1:37  Drone  
  20  1:47  Drone  
  21  1:58  Queen x2  
  21  1:59  Zergling x2  
  26  2:02  Overlord  
  26  2:08  Drone  
  26  2:10  Zergling x2  
  28  2:16  Metabolic Boost  
  28  2:21  Drone x2  
  30  2:30  Drone  
  30  2:31  Drone  
  32  2:41  Hatchery  
  31  2:44  Overlord  
  31  2:47  Drone  
  32  2:51  Drone  
  32  2:54  Overlord  
  33  3:03  Drone x2  
  34  3:07  Overlord  
  34  3:10  Drone  
  34  3:12  Drone x4  
  39  3:17  Drone x2  
  41  3:22  Queen  
  41  3:25  Zergling x2  
  44  3:28  Spore Crawler  
  44  3:30  Zergling x2  
  44  3:33  Spore Crawler  
  43  3:37  Zergling x2  
  43  3:39  Drone  
  43  3:40  Drone x3  
  48  3:44  Overlord  
  48  3:48  Drone x2  
  50  3:51  Overlord  
  50  3:52  Drone  
  51  3:56  Zergling x2  
  51  3:59  Queen  
  51  4:02  Zergling x2  
  55  4:03  Spore Crawler  
  55  4:06  Evolution Chamber  
  55  4:09  Drone x3  
  56  4:14  Drone x2  
  56  4:16  Drone  
  55  4:17  Drone  
  55  4:19  Drone  
  55  4:21  Drone  
  58  4:24  Overlord  
  58  4:25  Drone  
  58  4:27  Drone  
  58  4:28  Drone  
  61  4:37  Drone x3  
  61  4:43  Zerg Melee Weapons Level 1  
  61  4:48  Drone x3  
  64  4:54  Drone x4  
  64  4:55  Hatchery  
  64  4:58  Lair  
  64  4:59  Zergling x2  
  69  5:00  Zergling x2  
  69  5:03  Drone x3  
  69  5:05  Extractor  
  71  5:08  Overlord  
  71  5:09  Drone x2  
  71  5:11  Drone x2  
  75  5:15  Extractor, Baneling Nest  
  75  5:16  Overlord  
  73  5:22  Drone x6  
  73  5:25  Extractor  
  73  5:27  Overlord  
  78  5:31  Drone x2  
  80  5:37  Overlord  
  80  5:39  Queen  
  82  5:45  Hatchery  
  82  5:46  Overlord  
  82  5:47  Overlord  
  81  5:50  Zergling x14  
  81  5:54  Zergling x6  
  91  5:58  Extractor  
  91  5:59  Hydralisk Den  
  91  6:01  Zergling x6  
  89  6:07  Zergling x4, Queen  
  89  6:11  Queen  
  90  6:12  Zergling x4  
  90  6:15  Zergling x2  
  90  6:16  Zergling x4  
  97  6:19  Drone x5  
  97  6:22  Drone  
  97  6:24  Drone x3  
  97  6:25  Drone  
  107  6:28  Overlord  
  107  6:32  Muscular Augments  
  105  6:34  Zergling x4  
  105  6:38  Zergling x2  
  108  6:42  Zergling x4  
  108  6:45  Zergling x2  
  111  6:48  Zergling x8  
  111  6:52  Zergling x14  
  118  6:55  Zergling x2  
  118  6:59  Zergling x2  
  118  7:00  Zergling x2  
  112  7:05  Spore Crawler, Drone x2  
  112  7:11  Overlord  
  112  7:13  Overlord  
  112  7:14  Hydralisk x2  
  116  7:20  Hydralisk x6  
  128  7:24  Hatchery  
  128  7:25  Hydralisk  
  125  7:30  Zergling x4  
  125  7:32  Hydralisk x3  
  125  7:38  Hydralisk x4  
  125  7:41  Pneumatized Carapace  
  125  7:42  Hydralisk  
  125  7:43  Zergling x2  
  118  7:45  Hydralisk  
  118  7:46  Zergling x2  
  118  7:47  Zergling x2  
  118  7:50  Zergling x6  
  115  7:53  Zergling x4  
  115  7:56  Zergling x4  
  115  7:58  Zergling x4  
  110  8:00  Zergling x2  
  105  8:06  Hydralisk  
  105  8:07  Hydralisk x2, Zergling x2  
  105  8:12  Zergling x6  
  110  8:17  Zergling x10  
  114  8:22  Zergling x2  
  114  8:25  Drone x2  
  117  8:27  Zergling x4  
  117  8:28  Grooved Spines  
  117  8:32  Centrifugal Hooks  
  119  8:34  Zergling x6  
  119  8:36  Zergling x2  
  128  8:41  Drone x5  
  128  8:45  Zergling x8  
  128  8:47  Zergling x2  
  133  8:49  Zergling x4  
  133  8:53  Zergling x8  
  133  8:55  Zergling x4  
  140  9:00  Zergling x10  
  143  9:03  Zergling x4  
  143  9:07  Zergling x2  
  143  9:15  Zergling x20  
  145  9:19  Baneling x4  
  141  9:24  Zergling x16  
  141  9:29  Overlord  
Tags
 
Add a new tag
Caveats
  • Supply blocks, unpowered buildings, or Contaminate may cause inaccurate times.
  • Supply counts are checked every 10 seconds.